 Dungeon Crawl Stone Soup version 0.32-a0-886-g41c5271027 (webtiles) character file.

Game seed: 7699810089708142697

1943 pokeman the Thaumaturge (level 8, -15/44 HPs)
             Began as a Deep Elf Hedge Wizard on Apr 2, 2024.
             Was an Initiate of Vehumet.
             Killed from afar by Maggie (24 damage)
             ... with a bolt of fire
             ... on level 6 of the Dungeon.
             The game lasted 00:11:27 (4590 turns).

pokeman the Thaumaturge (Deep Elf Hedge Wizard)     Turns: 4590, Time: 00:11:28

Health: -15/44     AC:  4    Str:  7    XL:     8   Next: 98%
Magic:  20/24      EV: 22    Int: 22    God:    Vehumet [......]
Gold:   105        SH:  0    Dex: 14    Spells: 11/28 levels left

rFire   . . .        k - +4 dagger (venom)
rCold   . . .        (no shield)
rNeg    . . .        b - +0 robe
rPois   .            c - +0 hat
rElec   .            w - +0 cloak
rCorr   .            G - +0 pair of gloves
SInv    .            (no boots)
Will    .....        h - amulet of magic regeneration
Stlth   ++           e - +5 ring of evasion
HPRegen 0.27/turn    i - +5 ring of evasion
MPRegen 0.59/turn

%: no passive effects
@: on blink cooldown
A: no striking features
a: Renounce Religion


You were on level 6 of the Dungeon.
You worshipped Vehumet.
Vehumet was noncommittal.
You visited 2 branches of the dungeon, and saw 7 of its levels.

You collected 267 gold pieces.
You spent 162 gold pieces at shops.

Inventory:

Hand Weapons
 k - a +4 dagger of venom (weapon)
Missiles
 q - 9 curare-tipped darts
Armour
 b - a +0 robe (worn)
 c - a +0 hat (worn)
 w - a +0 cloak (worn)
 G - a +0 pair of gloves (worn)
Magical Staves
 j - a staff of air
 B - a staff of cold
 C - a staff of earth
Jewellery
 e - a +5 ring of evasion (left hand)
 h - an amulet of magic regeneration (around neck)
 i - a +5 ring of evasion (right hand)
 p - a ring of see invisible
 D - a +6 ring of intelligence
Wands
 y - a wand of roots (7)
Scrolls
 a - a scroll of enchant armour {unknown}
 f - a scroll of vulnerability {unknown}
 m - 5 scrolls of identify
 o - 2 scrolls of immolation {unknown}
 r - 3 scrolls of teleportation
 t - a scroll of torment {unknown}
 u - a scroll of revelation
 x - a scroll of fear {unknown}
 A - a scroll of fog {unknown}
 E - a scroll of enchant weapon {unknown}
Potions
 d - a potion of magic
 g - 4 potions of lignification {unknown}
 l - 3 potions of curing {unknown}
 n - a potion of berserk rage {unknown}
 s - 2 potions of might {unknown}
 v - 2 potions of degeneration {unknown}
 z - 3 potions of heal wounds {unknown}
 F - a potion of haste {unknown}


   Skills:
 - Level 2.0 Fighting
 + Level 3.1 Armour
 - Level 3.0 Dodging
 - Level 3.0 Stealth
 * Level 10.5 Spellcasting
 + Level 5.5 Conjurations
 - Level 1.1 Summonings
 - Level 1.1 Translocations
 - Level 1.1 Fire Magic
 + Level 4.6 Ice Magic
 - Level 1.0 Air Magic
 - Level 1.0 Earth Magic
 - Level 1.0 Alchemy
 - Level 1.0 Evocations


You had 11 spell levels left.
You knew the following spells:

 Your Spells              Type           Power      Damage    Failure   Level
a - Magic Dart            Conj           100%       1d8       1%          1
b - Mephitic Cloud        Conj/Alch/Air  22%        N/A       6%          3
c - Call Imp              Summ           32%        N/A       5%          2
d - Blink                 Tloc           32%        N/A       5%          2
e - Freezing Cloud        Conj/Ice/Air   14%        6-21      34%         5
f - Ignite Poison         Fire/Alch      16%        N/A       36%         4

Your spell library contained the following spells:

 Spells                   Type           Power      Damage    Failure   Level
 Slow                     Hex            44%        N/A       6%          1
 Cigotuvi's Dreadful Rot  Necr/Alch/Air  28%        N/A       7%          2


Dungeon Overview and Level Annotations

Branches:
Dungeon (6/15)             Temple (1/1) D:4

Altars:
Cheibriados
Dithmenos
Elyvilon
Fedhas
Gozag
Hepliaklqana
Kikubaaqudgha
Makhleb
Nemelex Xobeh
Okawaru
Qazlal
Ru
Sif Muna
Vehumet
Wu Jian
Xom
Yredelemnul
Zin
The Shining One

Shops:
D:3 ?

Annotations:
D:6 Grinder, Maggie


Message History

You strike the helpless Maggie from behind!
You puncture Maggie!
Maggie is poisoned.
Maggie is lightly wounded.
Maggie barely misses you.
You hit Maggie.
Maggie is lightly wounded.
Maggie hits you with a +1 long sword of flaming!
Maggie burns you.
You hit Maggie but do no damage.
Maggie is moderately wounded.
You hit Maggie.
Maggie is moderately wounded.
Maggie closely misses you.
You barely miss Maggie.
Maggie is moderately wounded.
Maggie hits herself with a +1 long sword of flaming!
Maggie burns herself.
You hit Maggie but do no damage.
Maggie is heavily wounded.
Maggie seems less confused.
Maggie hits you with a +1 long sword of flaming!
* * * LOW HITPOINT WARNING * * *
Maggie burns you.
* * * LOW HITPOINT WARNING * * *
Casting: Mephitic Cloud (dangerous; 6% risk of failure)
Confirm with . or Enter, or press ? or * to list all spells.
You blink.
Unknown command.
Casting: Blink (safe; 5% risk of failure)
Confirm with . or Enter, or press ? or * to list all spells.
Aiming: Mephitic Cloud (dangerous; 6% risk of failure)
Press: ? - help, Shift-Dir - straight line, p - Maggie The ball explodes into a vile cloud!
The stinking cloud engulfs Maggie.
Maggie is heavily wounded.
You hear a shout!
Maggie gives herself a magical halo, but it quickly sputters out.
Maggie gestures at you while chanting. The bolt of fire hits you!!
Ouch! That really hurt!
You die...

..................
##########.###.#.#
# #.# #.#.# .#
#.###.#.##..#
#..h....?...#
#####.#.##.#
#[#<)# #.#†##
##### #..@.#
#<{.#######..#.#
###5#..(....)#.#
#.#.###§§§##.#
#5#[....§§...#
#.#[.##@######
#@#.....#
#.#..####
#.......#


You could see Maggie (very poisoned).

Vanquished Creatures
  Sigmund (D:6)
  Eustachio (D:6)
  Duvessa (D:6)
  An orc warrior (D:5)
  3 black bears
  2 ogres (D:5)
  A centaur (D:6)
  A bullfrog (D:6)
  3 scorpions (D:5)
  Dowan (D:6)
  A bombardier beetle (D:3)
  4 hounds
  An orc priest (D:3)
  A gnoll bouda (D:5)
  A sleepcap (D:6)
  2 jellies (D:5)
  An iguana (D:4)
  3 orc wizards
  5 gnolls (D:5)
  6 adders
  A white imp (D:6)
  2 ufetubi (D:6)
  2 dart slugs
  12 orcs
  6 endoplasms (D:1)
  6 giant cockroaches
  13 goblins
  6 hobgoblins
  5 jackals
  4 quokkas
  7 ball pythons
  3 bats
  3 frilled lizards
  6 kobolds
  2 rats
118 creatures vanquished.

Vanquished Creatures (collateral kills)
  A sleepcap (D:6)
1 creature vanquished.

Grand Total: 119 creatures vanquished

Notes
Turn   | Place    | Note
-------+----------+-------------------------------------------
     0 | D:1      | pokeman the Deep Elf Hedge Wizard began the quest for the
                  | Orb.
     0 | D:1      | Reached XP level 1. HP: 10/10 MP: 7/7
   424 | D:1      | Reached XP level 2. HP: 16/16 MP: 7/9
   577 | D:1      | Reached skill level 5 in Spellcasting
   654 | D:1      | Reached XP level 3. HP: 20/20 MP: 9/11
   658 | D:1      | Learned a level 3 spell: Mephitic Cloud
   661 | D:1      | Learned a level 2 spell: Call Imp
   664 | D:1      | Learned a level 2 spell: Blink
  1285 | D:2      | You fall into a shaft and drop 1 floor!
  1313 | D:3      | Found a sparkling altar of Nemelex Xobeh.
  1440 | D:2      | Noticed a glass eye
  1442 | D:2      | Found a faded altar of an unknown god.
  1446 | D:2      | Noticed an eye of devastation
  1446 | D:2      | Noticed a shining eye
  1446 | D:2      | Noticed a glass eye
  1492 | D:2      | Reached skill level 1 in Fighting
  1522 | D:2      | Reached skill level 1 in Armour
  1817 | D:3      | Found Onael's Magic Scroll Emporium.
  1820 | D:3      | Bought a scroll of identify for 26 gold pieces
  1820 | D:3      | Bought a scroll of revelation for 97 gold pieces
  1820 | D:3      | Bought a scroll of teleportation for 39 gold pieces
  1862 | D:3      | Reached XP level 4. HP: 25/25 MP: 13/13
  2117 | D:3      | Reached skill level 6 in Spellcasting
  2117 | D:3      | Reached XP level 5. HP: 26/29 MP: 13/15
  2649 | D:4      | Found a staircase to the Ecumenical Temple.
  2706 | Temple   | Entered the Ecumenical Temple
  2904 | D:4      | Found an iron altar of Okawaru.
  2931 | D:4      | Reached skill level 1 in Alchemy
  2931 | D:4      | Reached skill level 1 in Evocations
  3030 | D:4      | Reached skill level 1 in Air Magic
  3093 | D:4      | Reached XP level 6. HP: 30/34 MP: 12/17
  3276 | D:5      | Entered Level 5 of the Dungeon
  3307 | D:5      | Reached skill level 1 in Ice Magic
  3309 | D:5      | Reached skill level 7 in Spellcasting
  3312 | D:5      | Reached skill level 1 in Earth Magic
  3411 | D:5      | Learned a level 5 spell: Freezing Cloud
  3416 | D:5      | Learned a level 4 spell: Ignite Poison
  3520 | D:5      | Reached XP level 7. HP: 34/39 MP: 16/19
  3756 | D:5      | Reached skill level 1 in Fire Magic
  3762 | D:5      | Reached skill level 8 in Spellcasting
  4030 | D:5      | Reached XP level 8. HP: 44/44 MP: 19/22
  4195 | D:5      | Reached skill level 9 in Spellcasting
  4204 | D:5      | Found an ornate altar of the Wu Jian Council.
  4208 | D:5      | Found an ancient bone altar of Kikubaaqudgha.
  4211 | D:5      | Found a radiant altar of Vehumet.
  4219 | D:5      | Became a worshipper of Vehumet
  4314 | D:6      | Noticed Duvessa
  4316 | D:6      | Noticed Dowan
  4325 | D:6      | Killed Duvessa
  4439 | D:6      | Killed Dowan
  4442 | D:6      | Noticed Sigmund
  4465 | D:6      | Killed Sigmund
  4466 | D:6      | Reached skill level 10 in Spellcasting
  4466 | D:6      | Reached skill level 5 in Conjurations
  4470 | D:6      | Noticed Grinder
  4493 | D:6      | Noticed Maggie
  4543 | D:6      | Noticed Eustachio
  4560 | D:6      | Killed Eustachio
  4590 | D:6      | Killed from afar by Maggie

Illustrated notes

Levels and vault maps discovered:
D:1:      minmay_arrival_four_houses, layout_rooms, serial_bayou_pond_d,
          hangedman_decor_slide_cut, minmay_misc_feat_secret_circle,
          minmay_pentomino_z4
D:2:      layout_loops_cross, hellmonk_ecumenical_altar_watching_god
D:3:      layout_basic, nemelex_spade_bored_becter, serial_shops,
          nicolae_shop_tiny_real_fake_doors
D:4:      kennysheep_the_goblin_king, layout_rooms, overflow_temple_1_default,
          minmay_temple_entry_junction, kennysheep_generic_room_11
D:5:      black_bear_nest_2, layout_basic, minmay_overflow_temple_star_quad,
          grunt_ministairs_13, hangedman_decor_opposing, kennysheep_diamond,
          serial_bayou_lake_a
D:6:      layout_basic, uniq_grinder, uniq_maggie, uniq_sigmund, uniq_eustachio,
          uniq_duvessa
Temple:   eino_temple_water

Skill      XL: |  1  2  3  4  5  6  7  8 |
---------------+-------------------------+-----
Spellcasting   | 5 6 7 8 10 | 10.5
Fighting       | 1 2 |  2.0
Armour         | 1 3 |  3.1
Conjurations   | 2 3 4 5 |  5.5
Dodging        | 3 |  3.0
Stealth        | 3 |  3.0
Alchemy        | 1 |  1.0
Evocations     | 1 |  1.0
Air Magic      | 1 |  1.0
Ice Magic      | 1 3 4 |  4.6
Earth Magic    | 1 |  1.0
Fire Magic     | 1 |  1.1
Summonings     | |  1.1
Translocations | |  1.1

Action                     |  1- 3 |  4- 6 |  7- 9 || total
---------------------------+-------+-------+-------++-------
  Melee: Dagger            |     4 |    46 |    95 ||   145
   Cast: Magic Dart        |    96 |    76 |    64 ||   236
         Mephitic Cloud    |       |     6 |    19 ||    25
         Blink             |       |       |     2 ||     2
         Call Imp          |       |       |     2 ||     2
   Stab: Confused          |       |     5 |    11 ||    16
         Sleeping          |       |       |     1 ||     1
 Armour: Robe              |     3 |    17 |    27 ||    47
  Dodge: Dodged            |     8 |    44 |   119 ||   171

Table legend: (Time is in decaauts)
 A = Elapsed time spent in this place.
 B = Non-inter-level travel time spent in this place.
 C = Inter-level travel time spent in this place.
 D = Time resting spent in this place.
 E = Time spent auto-exploring this place.
 F = Levels seen in this place.
 G = Mean time per level.
                   A        B        C        D        E       F      G
               +--------+--------+--------+--------+--------+-----+--------+
         Total |   4609 |   4461 |    148 |     18 |   3625 |   7 |  658.4 |
       Dungeon |   4605 |   4457 |    148 |     18 |   3625 |   6 |  767.5 |
        Temple |      4 |      4 |      0 |      0 |      0 |   1 |    4.0 |
               +--------+--------+--------+--------+--------+-----+--------+

Top non-repeatable levels by time:
     D:5: 1077 daAuts
     D:3: 984 daAuts
     D:1: 940 daAuts
     D:2: 709 daAuts
     D:4: 639 daAuts
     D:6: 254 daAuts
  Temple: 4 daAuts
